 Dungeon Crawl Stone Soup version 0.31-a0-965-g8a8ce12e04 (webtiles) character file.

Game seed: 15521028021265725388

6976 Persephone the Carver (level 11, -3/112 HPs)
             Began as a Merfolk Berserker on Oct 25, 2023.
             Was an Elder of Trog.
             Slain by a troll (6 damage)
             ... on level 10 of the Dungeon on Oct 26, 2023.
             The game lasted 00:19:49 (10697 turns).

Persephone the Carver (Merfolk Berserker)          Turns: 10697, Time: 00:19:49

Health: -3/112     AC:  8    Str: 20    XL:     11   Next: 8%
Magic:  11/11      EV: 12    Int:  7    God:    Trog [****..]
Gold:   666        SH:  5    Dex: 21    Spells: 10/10 levels left

rFire   . . .        B - +1 long sword (heavy)
rCold   . . .        d - +0 buckler
rNeg    . . .        y - +0 ring mail
rPois   .            A - +0 hat {Stlth+}
rElec   .            (no cloak)
rCorr   .            x - +0 pair of gloves
SInv    .            b - +1 pair of boots
Will    +....        (no amulet) Stlth
                     h - +6 ring of dexterity
HPRegen 0.38/turn    t - ring of willpower
MPRegen 0.12/turn

%: no passive effects
@: berserking, spiked, very quick
A: (nimble swimmer 2), mertail
a: Renounce Religion, Berserk, Trog's Hand, Brothers in Arms


You were on level 10 of the Dungeon.
You worshipped Trog.
Trog was greatly pleased with you.
You visited 1 branch of the dungeon, and saw 10 of its levels.

You collected 666 gold pieces.

Inventory:

Hand Weapons
 B - a +1 heavy long sword (weapon)
Missiles
 c - 2 throwing nets
 s - 26 poisoned darts (quivered)
 E - 5 boomerangs
Armour
 b - a +1 pair of boots (worn)
 d - a +0 buckler (worn)
 r - a +1 helmet
 x - a +0 pair of gloves (worn)
 y - a +0 ring mail (worn)
 A - a +0 hat of stealth (worn)
Jewellery
 h - a +6 ring of dexterity (left hand)
 p - a +6 ring of intelligence
 t - a ring of willpower (right hand)
 F - a +6 ring of intelligence
Wands
 o - a wand of roots (25)
 D - a wand of flame (17)
 I - a wand of polymorph (3)
Scrolls
 k - 5 scrolls of teleportation
 n - 2 scrolls of immolation
 G - a scroll of enchant armour
 H - a scroll of blinking
Potions
 a - 2 potions of haste {unknown}
 e - 2 potions of lignification
 f - 4 potions of invisibility
 g - 3 potions of berserk rage
 i - 4 potions of heal wounds
 j - 2 potions of brilliance
 l - 2 potions of degeneration
 m - a potion of enlightenment
 q - a potion of cancellation {unknown}
 u - a potion of might {unknown}
 v - 2 potions of attraction
 w - 5 potions of curing
 z - 2 potions of mutation {unknown}
 C - a potion of magic {unknown}


   Skills:
 + Level 3.4 Fighting
 - Level 14.0 Long Blades
 - Level 12.0 Throwing
 - Level 1.3 Armour
 + Level 2.9 Dodging
 + Level 0.5 Shields


You had 10 spell levels left.
You didn't know any spells.
Your spell library was empty.

Dungeon Overview and Level Annotations

Branches:
Dungeon (10/15)            Temple (0/1) D:6
   Lair: D:8-11         Orc: D:9-12

Altars:
Cheibriados
Gozag
Hepliaklqana
Kikubaaqudgha
Makhleb
Nemelex Xobeh
Qazlal
Ru
Wu Jian
Xom
Yredelemnul
The Shining One

Shops:
D:6 ?

Annotations:
D:5 1 runed translucent door, tinfoiltophat's ghost, novice DjFE
D:7 3 runed translucent doors, Sanktem7's ghost, novice MiFi
D:9 5 runed translucent doors


Innate Abilities, Weirdness & Mutations

((You are very nimble when in or above water. (Stealth+, EV+, Speed+++)))
Your lower body shifts to a powerful aquatic tail in water.


Message History

The troll closely misses you.
You slash the two-headed ogre!
The two-headed ogre is moderately wounded.
The manticore flicks its tail.
The volley of spikes hits you.
The barbed spikes become lodged in your body.
The troll bites you but does no damage. The troll claws you but does no damage.
The troll claws you.
You slash the two-headed ogre!
The two-headed ogre is heavily wounded.
The two-headed ogre hits you with a +0 giant spiked club!
The two-headed ogre barely misses you.
The manticore flicks its tail.
The volley of spikes hits you.
The barbed spikes become lodged in your body.
The boulder beetle leaps!
The troll closely misses you. The troll barely misses you. The troll claws you!
You hear a roar!
You slash the two-headed ogre!
The two-headed ogre is severely wounded.
You completely miss the two-headed ogre.
The two-headed ogre is severely wounded.
The manticore flicks its tail.
The volley of spikes hits you!!
The barbed spikes become lodged in your body.
* * * LOW HITPOINT WARNING * * *
You block the two-headed ogre's attack.
The two-headed ogre hits you with a +0 giant spiked club.
* * * LOW HITPOINT WARNING * * *
The troll barely misses you. You block the troll's attack. The troll claws you.
* * * LOW HITPOINT WARNING * * *
You slash the two-headed ogre!
You kill the two-headed ogre!
Trog accepts your kill.
The manticore flicks its tail.
The volley of spikes hits you!
The barbed spikes become lodged in your body.
* * * LOW HITPOINT WARNING * * *
The troll misses you. The troll claws you.
You die...

... #.}. .# #.⌠.##
..# .#.}.#. .#..#
o...... .....
....H###.°...
##......##
#.(T.....# ..
#..#@)#..# ... ##
#..#### ##...#
#[.#..#..# .#...#
#........# ....#
##......###...###
.....###..........
......
#......##.#.
#...#.
#..#......>.
#...##
####..##.#..


You could see a manticore and a troll (very poisoned).

Vanquished Creatures
  Gastronok (D:8)
  A two-headed ogre (D:10)
  Jeremiah (D:7)
  Maggie (D:10)
  Grinder (D:6)
  A wyvern (D:6)
  7 yaks
  A steam dragon (D:7)
  A water moccasin (D:5)
  An ice beast (D:8)
  4 orc warriors
  A black bear (D:5)
  4 ogres
  3 centaurs
  4 kobold brigands
  2 phantoms
  A scorpion (D:7)
  10 wights
  5 killer bees (D:9)
  3 howler monkeys (D:9)
  3 crimson imps (D:9)
  6 hounds
  A jelly (D:2)
  8 orc priests
  An iguana (D:6)
  A gnoll bouda (D:6)
  An iron imp (D:6)
  3 sleepcaps
  11 orc wizards
  8 gnolls
  3 adders
  6 ufetubi
  A worm (D:2)
  5 dart slugs
  14 orcs
  9 ball pythons
  4 endoplasms
  5 giant cockroaches
  5 goblins
  6 hobgoblins
  2 jackals (D:4)
  28 kobolds
  3 quokkas
  5 bats
  7 frilled lizards
  7 rats
  A spectral orc (D:5)
207 creatures vanquished.

Notes
Turn   | Place    | Note
-------+----------+-------------------------------------------
     0 | D:1      | Persephone the Merfolk Berserker began the quest for the
                  | Orb.
     0 | D:1      | Reached XP level 1. HP: 18/18 MP: 1/1
   135 | D:1      | Reached skill level 4 in Long Blades
   194 | D:1      | Reached XP level 2. HP: 24/24 MP: 2/2
   788 | D:1      | Reached XP level 3. HP: 29/29 MP: 3/3
   830 | D:1      | Reached skill level 5 in Long Blades
   973 | D:1      | Upgraded the game from 0.31-a0-963-ga325b2283a to
                  | 0.31-a0-965-g8a8ce12e04
  1305 | D:2      | Reached skill level 1 in Throwing
  1305 | D:2      | Reached XP level 4. HP: 35/35 MP: 4/4
  1315 | D:2      | Reached ** piety under Trog
  1899 | D:3      | Found a faded altar of an unknown god.
  2668 | D:4      | Noticed a phantom
  2684 | D:4      | Killed a phantom
  2685 | D:4      | Reached skill level 6 in Long Blades
  2685 | D:4      | Reached XP level 5. HP: 26/41 MP: 5/5
  3642 | D:5      | Entered Level 5 of the Dungeon
  3642 | D:5      | Noticed a phantom
  3659 | D:5      | Killed a phantom
  3660 | D:5      | Reached XP level 6. HP: 41/47 MP: 6/6
  3748 | D:5      | Reached *** piety under Trog
  3749 | D:5      | Reached skill level 7 in Long Blades
  3845 | D:5      | Found a runed translucent door.
  3847 | D:5      | Noticed tinfoiltophat's ghost (novice DjFE)
  3867 | D:5      | Reached XP level 7. HP: 28/52 MP: 7/7
  4186 | D:5      | Found a basalt altar of Yredelemnul.
  4226 | D:5      | Reached skill level 8 in Long Blades
  4226 | D:5      | Reached skill level 5 in Throwing
  4376 | D:5      | Found an opulent altar of Gozag.
  4377 | D:5      | Found a sparkling altar of Nemelex Xobeh.
  4434 | D:5      | You fall into a shaft and drop 2 floors!
  4511 | D:7      | Reached XP level 8. HP: 40/58 MP: 8/8
  4594 | D:7      | HP: 2/58 [steam dragon (9)]
  4598 | D:7      | Reached skill level 9 in Long Blades
  4611 | D:7      | Found a runed translucent gate.
  4611 | D:7      | Found a runed translucent gate.
  4611 | D:7      | Found a runed translucent gate.
  4710 | D:7      | Noticed Sanktem7's ghost (novice MiFi)
  4711 | D:7      | Noticed a gargoyle
  4742 | D:7      | Found an ornate altar of the Wu Jian Council.
  5188 | D:7      | Reached skill level 10 in Long Blades
  5283 | D:7      | Noticed Jeremiah
  5371 | D:7      | HP: 1/47 [Jeremiah/divine providence (15)]
  5789 | D:5      | Found a glowing golden altar of the Shining One.
  5952 | D:6      | Noticed Grinder
  5973 | D:6      | Killed Grinder
  5974 | D:6      | Reached XP level 9. HP: 64/64 MP: 9/9
  6072 | D:6      | Found a sacrificial altar of Ru.
  6406 | D:6      | Reached skill level 11 in Long Blades
  6439 | D:6      | Found Zaygh's Magic Scroll Shop.
  6649 | D:6      | Found a snail-covered altar of Cheibriados.
  6901 | D:6      | Found a stormy altar of Qazlal.
  7050 | D:6      | Found a staircase to the Ecumenical Temple.
  7544 | D:7      | Killed Jeremiah
  7889 | D:8      | Reached skill level 12 in Long Blades
  8152 | D:8      | Found a burning altar of Makhleb.
  8152 | D:8      | Found an ancient bone altar of Kikubaaqudgha.
  8157 | D:8      | Reached XP level 10. HP: 70/70 MP: 10/10
  8336 | D:8      | Noticed Gastronok
  8354 | D:8      | Killed Gastronok
  8355 | D:8      | Reached skill level 13 in Long Blades
  8355 | D:8      | Reached skill level 10 in Throwing
  8597 | D:8      | Found a hazy altar of Hepliaklqana.
  9238 | D:9      | Reached **** piety under Trog
  9414 | D:9      | Reached skill level 14 in Long Blades
  9618 | D:9      | Found a runed translucent gate.
  9618 | D:9      | Found a runed translucent gate.
  9619 | D:9      | Found a runed translucent gate.
  9620 | D:9      | Noticed a wolf spider
  9620 | D:9      | Noticed a black mamba
  9620 | D:9      | Noticed a black mamba
  9623 | D:9      | Noticed a black mamba
  9630 | D:9      | Found a runed translucent door.
  9631 | D:9      | Noticed a black mamba
  9631 | D:9      | Noticed a black mamba
  9693 | D:9      | Found the +9 staff of Olgreb {rPois∞}
  9701 | D:9      | Found a runed translucent door.
  9772 | D:9      | Noticed a wolf spider
  9813 | D:9      | Noticed a wolf spider
 10328 | D:9      | Found a shimmering altar of Xom.
 10335 | D:9      | Reached XP level 11. HP: 75/75 MP: 11/11
 10527 | D:10     | Entered Level 10 of the Dungeon
 10532 | D:10     | Noticed Maggie
 10557 | D:10     | Killed Maggie
 10689 | D:10     | Noticed a two-headed ogre
 10689 | D:10     | Noticed a manticore
 10690 | D:10     | Noticed a boulder beetle
 10697 | D:10     | Killed a two-headed ogre
 10697 | D:10     | HP: 3/112 [manticore/volley of spikes (15)]
 10697 | D:10     | Slain by a troll

Illustrated notes

Levels and vault maps discovered:
D:1:      lemuel_arrival_tunnels, layout_loops_corners,
          chequers_serial_rivers_marsh, nicolae_concentric_dashed_squares_mild
D:2:      layout_basic, minmay_randomly_rotated_circles
D:3:      layout_basic, chequers_ecumenical_altar_simple_redux,
          supply_closet_lemuel, grunt_decor_mini_mirrors,
          kennysheep_generic_room_2
D:4:      layout_gridville
D:5:      layout_basic, grunt_temple_overflow_opulence,
          mainiacjoe_overflow_boulevard, yredelemnul_forgotten_temple_becter,
          ebering_ghost_sewer_d
D:6:      layout_basic, nicolae_qazlal_eye_of_the_storm, chei_slow_surprise,
          hangedman_ru_absence, minmay_temple_entry_large_hall, serial_shops,
          nicolae_shop_advertising_works [nicolae_subvault_shop_adworks],
          uniq_grinder
D:7:      layout_cave_pools, nicolae_wu_jian_immortal_techniques,
          gammafunk_ghost_split, dreamdust_gnoll_farm, uniq_jeremiah
D:8:      layout_basic, gammafunk_temple_overflow_pools,
          mainiacjoe_overflow_alcove_1, uniq_gastronok
D:9:      layout_loops_corners, led_xom_imps,
          minmay_guarded_unrand_staff_of_olgreb
D:10:     hangedman_cross_cluster, layout_basic, mainiacjoe_overflow_catwalk,
          lair_entry_dummy, biasface_ghost_orc_armoury, uniq_maggie

Skill      XL: |  1  2  3  4  5  6  7  8  9 10 11 |
---------------+----------------------------------+-----
Long Blades    | 4 5 6 7 8 10 12 14 | 14.0
Throwing       | 1 2 3 4 5 7 9 11 12 | 12.0
Fighting       | |  3.4
Armour         | |  1.3
Dodging        | |  2.9
Shields        | |  0.5

Action                     |  1- 3 |  4- 6 |  7- 9 | 10-12 || total
---------------------------+-------+-------+-------+-------++-------
  Melee: Falchion          |    47 |   101 |    64 |       ||   212
         Punch             |     1 |     2 |       |       ||     3
         Long sword        |       |       |   161 |   120 ||   281
  Throw: Boomerang         |    50 |    92 |    52 |       ||   194
         Dart              |       |       |    37 |   119 ||   156
 Invoke: Berserk           |       |     1 |    10 |     3 ||    14
         Trog's Hand       |       |       |     4 |     3 ||     7
    Use: Scroll            |       |     7 |     7 |     9 ||    23
   Stab: Distracted        |       |       |       |     1 ||     1
 Armour: Animal skin       |    22 |    36 |       |       ||    58
         Ring mail         |       |    26 |   170 |    60 ||   256
  Dodge: Dodged            |    35 |    61 |   112 |    58 ||   266
  Block: Buckler           |       |       |    41 |    21 ||    62

Table legend: (Time is in decaauts)
 A = Elapsed time spent in this place.
 B = Non-inter-level travel time spent in this place.
 C = Inter-level travel time spent in this place.
 D = Time resting spent in this place.
 E = Time spent auto-exploring this place.
 F = Levels seen in this place.
 G = Mean time per level.
                   A        B        C        D        E       F      G
               +--------+--------+--------+--------+--------+-----+--------+
         Total |  10833 |  10125 |    708 |      0 |   8436 |  10 | 1083.3 |
       Dungeon |  10833 |  10125 |    708 |      0 |   8436 |  10 | 1083.3 |
               +--------+--------+--------+--------+--------+-----+--------+

Top non-repeatable levels by time:
     D:6: 1759 daAuts
     D:7: 1640 daAuts
     D:9: 1536 daAuts
     D:8: 1025 daAuts
     D:5: 1023 daAuts
     D:1: 1006 daAuts
     D:4: 997 daAuts
     D:2: 876 daAuts
     D:3: 804 daAuts
    D:10: 164 daAuts
